 Dungeon Crawl Stone Soup version 0.20-a0-839-gdaf5c57 (webtiles) character file.

30 Duffy the Sneak (level 3, 16/16 HPs)
             Began as a Spriggan Enchanter on Mar 9, 2017.
             Quit the game on level 2 of the Dungeon.
             The game lasted 00:02:05 (1479 turns).

Duffy the Sneak (Spriggan Enchanter)                Turns: 1479, Time: 00:02:06

Health: 16/16      AC:  2    Str:  5    XL:     3   Next: 5%
Magic:  8/8        EV: 18    Int: 16    God:    Xom [..*...]
Gold:   116        SH:  0    Dex: 16    Spells: 4/7 levels left

rFire    . . .     SeeInvis +   a - +1 dagger
rCold    . . .     Gourm    .   b - +0 robe
rNeg     . . .     Faith    .   (shield restricted)
rPois    .         Spirit   .   (helmet restricted)
rElec    .         Reflect  .   (no cloak)
rCorr    .         Harm     .   (gloves unavailable)
MR       .....                  (boots unavailable)
Stlth    +++.......             (no amulet)
Regen    0.1/turn               (no ring)
MPRegen  0.2/turn               (no ring)

@: very quick
A: unfitting armour, see invisible, herbivore 3, speed 3, slow metabolism 2
a: Renounce Religion


You were on level 2 of the Dungeon.
You worshipped Xom.
You were a toy of Xom.
You were not hungry.

You visited 1 branch of the dungeon, and saw 2 of its levels.

You collected 116 gold pieces.

Inventory:

Hand Weapons
 a - a +1 dagger (weapon)
Armour
 b - a +0 robe (worn)
Scrolls
 h - a scroll of immolation {unknown}
 i - a scroll of amnesia {unknown}
 j - 4 scrolls of teleportation
 k - 2 scrolls of remove curse {unknown}
 o - a scroll of fog {unknown}
Potions
 e - a potion of heal wounds {unknown}
 f - 2 potions of haste {unknown}
 l - a potion of mutation {unknown}
 m - 3 potions of flight {unknown}
 n - a potion of curing {unknown}
Books
 c - a book of Maledictions

   Spells                             Type                      Level
   a - Corona                         Hexes                        1
   b - Ensorcelled Hibernation        Hexes/Ice                    2
   c - Confuse                        Hexes                        3
   d - Tukima's Dance                 Hexes                        3
   e - Dazzling Spray                 Conjuration/Hexes            3
Comestibles
 d - 3 bread rations
 g - a fruit


   Skills:
 + Level 2.2 Short Blades
 - Level 3.0 Dodging
 + Level 5.6 Stealth
 - Level 2.6 Spellcasting
 - Level 3.6 Hexes


You had 4 spell levels left.
You knew the following spells:

 Your Spells              Type           Power        Failure   Level  Hunger
a - Ensorcelled Hibernat  Hex/Ice        #.....       17%         2    ##.....
r - Corona                Hex            ##.....      6%          1    #......


Dungeon Overview and Level Annotations

Branches:
Dungeon (2/15)

Altars:
Xom


Innate Abilities, Weirdness & Mutations

You are very small and have problems with some larger weapons.
You are too small for most types of armour.
You have supernaturally acute eyesight. (SInv)
You are a herbivore.
You cover ground extremely quickly.
You need consume almost no food.


Message History

You kill the worm!
You have reached level 3!
Your experience leads to an increase in your attributes!
Increase (S)trength, (I)ntelligence, or (D)exterity?
You feel stronger.
Magic restored.
Things that are here:
a dagger; a kobold skeleton You now have 102 gold pieces (gained 14).
You now have 106 gold pieces (gained 4).
k - 2 scrolls labeled MUGALO VOIRU (gained 1)
You now have 116 gold pieces (gained 10).
A bat comes into view.
A bat is nearby!
A bat is nearby!
A bat is nearby!
Are you sure you want to abandon this character and quit the game? (Confirm with "yes".)
Okay, then.
Unknown command.
Are you sure you want to abandon this character and quit the game? (Confirm with "yes".)

#....(...#.#.#...##.#
#........#.#)#.......
###.#.##.#.#.##.....#
#.#.##.#.#.....#...
#.#.##.#.#######...
#.#.##.#..........#
#.#....##.....###.#
#....# #.....# #.#
#.@..# #.....# #.#
#....# #.....###..
#....# #..........
.....# #......##..
##....# #......##..
#....# #......##..
#b...# #......##.)
#....# #......##..
#.>....##..


You could see a bat (sleeping).

Vanquished Creatures
  A worm (D:2)
  2 dart slugs
  3 goblins
  3 hobgoblins
  4 kobolds
  A quokka (D:2)
  A ball python (D:2)
  4 bats (D:1)
  A frilled lizard (D:2)
  5 rats
25 creatures vanquished.

Notes
Turn   | Place    | Note
-------+----------+-------------------------------------------
     0 | D:1      | Duffy the Spriggan Enchanter began the quest for the Orb.
     0 | D:1      | Reached XP level 1. HP: 9/9 MP: 5/5
   134 | D:1      | You fall through a shaft!
   215 | D:1      | Reached XP level 2. HP: 13/13 MP: 6/6
   221 | D:1      | Reached skill level 5 in Stealth
   226 | D:1      | Learned a level 2 spell: Ensorcelled Hibernation
   585 | D:2      | Found a faded altar of an unknown god.
   591 | D:2      | Became a worshipper of Xom of Chaos
  1244 | D:2      | XOM: divination: detect items
  1373 | D:2      | Reached XP level 3. HP: 16/16 MP: 2/8
  1479 | D:2      | Quit the game

Vault maps used:
D:1:      saegor_arrival_simple_c
D:2:      chequers_ecumenical_altar_simple, first_bread

Skill      XL: |  1  2 |
---------------+-------+-----
Stealth        | 5 |  5.6
Short Blades   | 2 |  2.2
Dodging        | |  3.0
Spellcasting   | |  2.6
Hexes          | |  3.6

Action                   || total
-------------------------++-------
Melee: Dagger            ||    61
 Cast: Ensorcelled Hiber ||    10
  Use: Scroll            ||     1
 Stab: Sleeping          ||    12
       Distracted        ||     1
Armor: Robe              ||     2
Dodge: Dodged            ||    41
